AoeStats
← 啊超

QS Arena

503191487Analyzed
4v4 RM · 1mo ago on Aug 30, 2026· 48m 35s· 8 players
Game mode
Random Map
Map size
Large (8 player)
Population
200
Speed
Normal
Resources
Standard
Victory
Conquest
Starting age
Dark Age
Ending age
Imperial Age
RankedLock teamsTeams togetherTeam positionsShared explorationLock speedFull tech treeHidden civsTurbo modeCheats
Victory
Defeat
🇪🇸 Byzantines · Spain
1173
+14
🇩🇪 Turks · Germany
1135
+16
🇮🇹 Poles · Italy
1133
+16
🇺🇸 Britons · United States
1111
+17
🇨🇦 Persians · Canada
1175
-18
🇨🇳 Chinese · China
1153
-17
🇺🇸 Portuguese · United States
1117
-15
🇺🇸 Britons · United States
1106
-15
BigOleChunguss
8:13 Feudal Age
12:36 Castle Age
10:27 Double-Bit Axe
10:54 Horse Collar
11:12 Gold Mining
13:57 Bow Saw
18:38 Fervor
19:40 Wheelbarrow
18:52 Loom
21:49 Gold Shaft Mining
21:50 Hand Cart
23:22 Treadmill Crane
24:09 Fletching
27:14 Imperial Age
24:48 Heavy Plow
26:43 Masonry
26:54 Ballistics
26:38 Bodkin Arrow
28:08 Bracer
28:16 Siege Engineers
29:30 Chemistry
29:23 Architecture
29:30 Fortified Wall
29:58 Warwolf
30:44 Conscription
30:26 Elite Longbowman
31:11 Padded Archer Armor
33:06 Two-Man Saw
32:23 Leather Archer Armor
33:41 Stone Mining
33:57 Capped Ram
35:12 Murder Holes
37:26 Yeomen
45:35 Town Watch
[Tav]AirShogun
8:52 Feudal Age
9:55 Double-Bit Axe
13:23 Castle Age
17:54 Imperial Age
29:10 Padded Archer Armor
33:14 Wheelbarrow
41:36 Leather Archer Armor
45:11 Ballistics
Pato
7:23 Feudal Age
9:24 Loom
12:19 Castle Age
16:27 Horse Collar
20:37 Double-Bit Axe
20:45 Gold Mining
20:46 Stone Mining
21:40 Heavy Plow
22:21 Bow Saw
25:48 Husbandry
26:11 Forging
26:06 Scale Barding Armor
30:18 Imperial Age
28:18 Ballistics
29:37 Iron Casting
29:22 Chain Barding Armor
30:45 Chain Barding Armor
30:20 Heavy Camel Rider
31:47 Logistica
33:06 Plate Barding Armor
33:36 Chemistry
32:39 Elite Cataphract
34:04 Elite Skirmisher
35:26 Gold Shaft Mining
35:35 Fletching
35:45 Padded Archer Armor
38:42 Greek Fire
39:20 Hoardings
39:47 Bodkin Arrow
40:07 Leather Archer Armor
41:33 Bracer
42:03 Ring Archer Armor
Flanker_08
8:54 Feudal Age
13:14 Castle Age
11:05 Double-Bit Axe
13:36 Wheelbarrow
12:55 Horse Collar
14:51 Bow Saw
19:39 Hand Cart
20:43 Heavy Plow
23:02 Gold Mining
26:51 Imperial Age
24:08 Loom
24:10 Town Watch
24:39 Forging
25:20 Stone Mining
25:41 Town Patrol
25:35 Fletching
25:49 Scale Mail Armor
27:10 Husbandry
27:23 Bloodlines
26:34 Light Cavalry
28:05 Scale Barding Armor
28:36 Iron Casting
28:39 Stone Shaft Mining
29:11 Chemistry
28:32 Ballistics
29:59 Winged Hussar
35:39 Blast Furnace
36:20 Crop Rotation
37:46 Bodkin Arrow
38:07 Chain Mail Armor
37:52 Padded Archer Armor
38:13 Chain Barding Armor
40:11 Heavy Cavalry Archer
46:03 Plate Mail Armor
45:50 Leather Archer Armor
Batkon
9:44 Feudal Age
11:00 Wheelbarrow
13:27 Castle Age
11:26 Double-Bit Axe
12:23 Stone Mining
18:55 Hand Cart
18:27 Town Watch
18:29 Loom
18:56 Bow Saw
20:44 Fletching
21:36 Bodkin Arrow
22:17 Horse Collar
25:42 Ballistics
27:35 Yeomen
28:29 Forging
28:20 Padded Archer Armor
29:00 Gold Mining
35:51 Imperial Age
36:04 Pikeman
36:42 Halberdier
38:31 Chemistry
38:33 Elite Longbowman
40:37 Bracer
41:13 Iron Casting
40:54 Leather Archer Armor
41:50 Two-Man Saw
40:17 Man-at-Arms
40:44 Gambesons
40:47 Arson
Mace The Lovely
8:21 Feudal Age
11:05 Double-Bit Axe
13:56 Castle Age
21:53 Masonry
23:09 Bloodlines
23:13 Scale Barding Armor
31:12 Imperial Age
38:13 Pikeman
39:21 Forging
39:37 Halberdier
41:14 Scale Mail Armor
42:51 Architecture
42:32 Fortified Wall
43:49 Chain Mail Armor
43:09 Cavalier
45:28 Plate Mail Armor
45:35 Iron Casting
45:55 Ballistics
45:31 Fletching
46:37 Elite Organ Gun
47:40 Conscription
47:10 Loom
48:14 Chain Barding Armor
jean-danie1
8:39 Feudal Age
9:25 Double-Bit Axe
12:06 Loom
13:00 Wheelbarrow
15:20 Castle Age
14:21 Horse Collar
14:34 Stone Mining
14:57 Scale Barding Armor
15:30 Forging
15:16 Gold Mining
16:09 Bow Saw
16:11 Heavy Plow
17:23 Heavy Plow
18:13 Iron Casting
19:06 Loom
21:15 Chain Barding Armor
21:54 Husbandry
23:43 Bloodlines
31:44 Hand Cart
35:22 Imperial Age
36:29 Plate Barding Armor
36:55 Blast Furnace
35:20 Cavalier
37:25 Savar
40:01 Two-Man Saw
39:34 Crop Rotation
40:53 Conscription
40:36 Kamandaran
40:49 Fletching
40:59 Padded Archer Armor
啊超
8:21 Feudal Age
12:58 Castle Age
11:22 Double-Bit Axe
12:58 Loom
23:44 Fletching
23:54 Padded Archer Armor
26:30 Imperial Age
23:54 Fletching
24:46 Bow Saw
24:18 Horse Collar
24:30 Gold Mining
25:40 Bodkin Arrow
25:45 Padded Archer Armor
27:26 Ballistics
27:17 Fortified Wall
27:26 Leather Archer Armor
27:49 Gold Shaft Mining
29:26 Chemistry
28:43 Elite Fire Lancer
30:59 Pikeman
31:36 Arson
31:54 Squires
32:43 Rocketry
32:54 Forging
32:44 Scale Mail Armor
32:56 Halberdier
34:16 Bracer
34:04 Elite Skirmisher
36:33 Iron Casting
36:14 Chain Mail Armor
Connection lost

Rejoining the realm…

Still unreachable

The connection could not be restored.

Session expired

The server has moved on; the page needs a fresh start.